 Dungeon Crawl Stone Soup version 0.16.1-11-g651b585 (webtiles) character file.

604 vatarom the Changer (level 7, 0/55 HPs)
             Began as an Octopode Transmuter on Apr 4, 2015.
             Was a Follower of Cheibriados.
             Slain by a sky beast (1 damage)
             ... on level 6 of the Dungeon.
             The game lasted 00:11:10 (6442 turns).

vatarom the Changer (Octopode Transmuter)           Turns: 6442, Time: 00:11:10

Health: 0/55       AC:  5    Str: 11      XL:     7   Next: 42%
Magic:  5/12       EV: 12    Int: 18      God:    Cheibriados [*.....]
Gold:   184        SH:  0    Dex: 15 (16) Spells: 4 memorised, 0 levels left

rFire  x . .     SeeInvis .       - Unarmed
rCold  + + +     Clarity  .     (shield currently unavailable)
rNeg   + . .     SustAb   .     m - melded +2 hat
rPois  +         Gourm    .     l - amulet of warding
rElec  .         Spirit   .     h - ring of teleport control
rCorr  .         Warding  +     j - ring of wizardry
rMut   .         Stasis   .     (no ring)
MR     .....                    (no ring)
Stlth  +.........               (no ring)
                                (no ring)
                                (no ring)
                                (no ring)

@: ice-form, very slightly contaminated, very slow, not resistant to hostile
enchantments, very unstealthy
A: almost no armour, amphibious, 8 rings, (constrict 8), (camouflage 0), slow
healing 1, (gelatinous body 0)
a: End Transformation, Bend Time, Renounce Religion, Evoke Teleport Control


You were on level 6 of the Dungeon.
You worshipped Cheibriados.
Cheibriados was aware of your devotion.
You were not hungry.
You were a creature of crystalline ice.
You visited 1 branch of the dungeon, and saw 6 of its levels.

You collected 184 gold pieces.

Inventory:

Missiles
 b - 53 arrows
 n - 2 tomahawks (quivered)
Armour
 m - a +2 hat (melded)
Jewellery
 h - a ring of teleport control (left front paw)
 j - a ring of wizardry (right front paw)
 l - an amulet of warding (around neck)
Scrolls
 c - a scroll of enchant armour
 e - 2 scrolls of teleportation
 f - 3 scrolls of identify
 i - 2 scrolls of remove curse
Potions
 k - a potion of restore abilities
Books
 d - a book of Changes

   Spells                             Type                      Level
   a - Beastly Appendage              Transmutation                1
   b - Sticks to Snakes               Transmutation                2
   c - Spider Form                    Transmutation/Poison         3
   d - Ice Form                       Ice/Transmutation            4
   e - Blade Hands                    Transmutation                5
Comestibles
 g - 4 fruits


   Skills:
 + Level 3.5 Fighting
 + Level 4.0 Dodging
 + Level 3.5 Unarmed Combat
 - Level 2.0 Spellcasting
 * Level 5.2 Transmutations
 - Level 2.9 Poison Magic


You couldn't memorise any spells.
You knew the following spells:

 Your Spells              Type           Power        Failure   Level  Hunger
a - Beastly Appendage     Trmt           ###...       1%          1    #......
b - Sticks to Snakes      Trmt           ###.......   1%          2    ###....
c - Spider Form           Trmt/Pois      ###.......   4%          3    ###....
d - Ice Form              Ice/Trmt       ##......     34%         4    #####..


Dungeon Overview and Level Annotations

Branches:
Dungeon (6/15)             Temple (0/1) D:6

Altars:
Cheibriados
Elyvilon
Gozag
Ru
Sif Muna
The Shining One


Innate Abilities, Weirdness & Mutations

You cannot wear most types of armour.
You are amphibious.
You can wear up to eight rings at the same time.
((You can use your tentacles to constrict many enemies at once.))
((Your skin changes colour to match your surroundings (Stealth).))
((Your rubbery body absorbs attacks (AC +1).))
You heal slowly when monsters are visible.


Message History

You miss something. Something hits you but does no damage.
You hit something. You freeze something. Something hits you but does no damage.
You barely miss something. Something hits you. Something shocks you.
You miss something. Something hits you.
* * * LOW HITPOINT WARNING * * *
Something shocks you.
* * * LOW HITPOINT WARNING * * *
You hit something. You freeze something. Something hits you but does no damage.
You closely miss something.
Drink which item? (? for menu, Esc to quit)
You feel better. Something hits you.
* * * LOW HITPOINT WARNING * * *
Something shocks you.
* * * LOW HITPOINT WARNING * * *
You hit something. You freeze something. Something hits you.
* * * LOW HITPOINT WARNING * * *
Something shocks you.
* * * LOW HITPOINT WARNING * * *
Something hits you.
You die...

#.#...#
#.........#####.###
......#
#........).......#.
....###
#.....###.######.#.
....######### #.....# #.#
#...#.
.(.(..(.)...######..###[#
#.#.#. ###########..#
#......# #.#.#. ##.##
#.###### #.....
#..####.###########.##
#(..(Y{(.......#......
#..(...........#.##.##
................. #.#....
............######
#.#..#. ............#
#.#.... .......###.#
#.#.#.. ......# .#
#.#..#< ...... .# #.#..##
.#. .########.#....


There were no monsters in sight!

Vanquished Creatures
  A phantom (D:3)
  A giant frog (D:6)
  2 hounds (D:4)
  A quasit (D:6)
  A giant frog skeleton (D:4)
  An iguana (D:6)
  An orc wizard (D:3)
  2 orc priests
  A worker ant (D:5)
  Robin (D:2)
  5 adders
  A worm (D:3)
  An adder skeleton (D:4)
  17 orcs
  8 bats
  A bat skeleton (D:4)
  12 goblins
  13 hobgoblins
  12 jackals
  A quokka (D:4)
  A ball python (D:1)
  4 giant cockroaches
  7 giant geckos
  6 giant newts
  7 kobolds
  A quokka zombie (D:6)
  7 rats
116 creatures vanquished.

Vanquished Creatures (collateral kills)
  A goblin (D:2)
1 creature vanquished.

Grand Total: 117 creatures vanquished

Notes
Turn   | Place    | Note
--------------------------------------------------------------
     0 | D:1      | vatarom, the Octopode Transmuter, began the quest for the Orb.
     0 | D:1      | Reached XP level 1. HP: 13/13 MP: 3/3
    96 | D:1      | Reached XP level 2. HP: 16/18 MP: 4/4
   113 | D:1      | Learned a level 2 spell: Sticks to Snakes
   318 | D:1      | Gained mutation: You heal slowly when monsters are visible. [potion of mutation]
   318 | D:1      | Gained mutation: Your body is misshapen. [potion of mutation]
   318 | D:1      | Lost mutation: Your body is misshapen. [potion of mutation]
   331 | D:1      | Reached XP level 3. HP: 6/23 MP: 6/6
   977 | D:2      | Noticed Robin
  1873 | D:2      | You fall through a shaft!
  1905 | D:3      | Found a white marble altar of Elyvilon.
  2044 | D:3      | Reached XP level 4. HP: 29/29 MP: 7/7
  2067 | D:2      | Learned a level 3 spell: Spider Form
  2192 | D:2      | Killed Robin
  3030 | D:3      | Found an opulent altar of Gozag.
  3249 | D:3      | Reached XP level 5. HP: 21/34 MP: 1/9
  3260 | D:3      | Reached skill level 4 in Transmutations
  3614 | D:3      | Found a deep blue altar of Sif Muna.
  3671 | D:3      | Reached skill level 1 in Poison Magic
  4106 | D:3      | Noticed a phantom
  4152 | D:3      | Killed a phantom
  4152 | D:3      | Reached XP level 6. HP: 7/41 MP: 3/10
  4693 | D:4      | Found a sacrificial altar of Ru.
  4697 | D:4      | Found a glowing golden altar of the Shining One.
  4698 | D:4      | Found a snail-covered altar of Cheibriados.
  4762 | D:4      | Became a worshipper of Cheibriados the Contemplative
  5634 | D:5      | Entered Level 5 of the Dungeon
  5652 | D:5      | Reached XP level 7. HP: 43/46 MP: 9/12
  5853 | D:6      | Found a staircase to the Ecumenical Temple.
  5952 | D:6      | Acquired Cheibriados' first power
  5990 | D:6      | Reached skill level 5 in Transmutations
  5996 | D:6      | Learned a level 4 spell: Ice Form
  6441 | D:6      | HP: 1/55 [something (6)]
  6442 | D:6      | Slain by a sky beast

Action                   |  1- 3 |  4- 6 |  7- 9 || total
-------------------------+-------+-------+-------++-------
Melee: Unarmed           |    96 |   212 |    53 ||   361
Throw: Tomahawk          |       |       |     2 ||     2
 Cast: Beastly Appendage |     5 |     1 |       ||     6
       Sticks to Snakes  |     2 |       |       ||     2
       Spider Form       |       |     8 |     2 ||    10
       Ice Form          |       |       |     2 ||     2
  Use: Scroll            |     9 |     1 |     1 ||    11
       Potion            |     5 |     4 |     3 ||    12
 Stab: Sleeping          |     2 |     2 |     2 ||     6
  Eat: Bread ration      |     1 |     2 |       ||     3
       Chunk             |     1 |       |       ||     1
       Meat ration       |       |     1 |       ||     1
       Fruit             |       |     1 |       ||     1
